 Dungeon Sprint DCSS version 0.23.0-33-g5e6c059 (webtiles) character file.

Game seed: 5775285336302951040

5046 nuthulu the Cleaver (level 10, 0/97 HPs)
             Began as a Minotaur Fighter on Feb 26, 2019.
             Was a High Priest of Okawaru.
             Killed from afar by a wizard (41 damage)
             ... with a crystal spear
             ... in the Dungeon (Sprint VII: "The Pits").
             The game lasted 00:03:48 (1756 turns).

nuthulu the Cleaver (Minotaur Fighter)              Turns: 1756, Time: 00:03:49

Health: 0/97       AC: 19    Str: 28    XL:     10   Next: 30%
Magic:  12/14      EV: 14    Int:  8    God:    Okawaru [*****.]
Gold:   0          SH:  0    Dex:  9    Spells: 9/9 levels left

rFire    . . .     SeeInvis .   s - +1 broad axe (chop)
rCold    . . .     Gourm    .   c - +0 shield
rNeg     . . .     Faith    .   p - +2 plate armour
rPois    .         Spirit   .   (helmet restricted)
rElec    .         Reflect  .   (no cloak)
rCorr    .         Harm     .   (no gloves)
MR       .....     NoTele   +   (no boots)
Stlth    ..........             (no amulet)
HPRegen  0.26/turn              q - +3 ring of strength
MPRegen  0.14/turn              r - +3 ring of intelligence

@: confused, heroism
A: retaliatory headbutt, horns 2
a: Heroism, Finesse, Renounce Religion


You were in the Dungeon.
You worshipped Okawaru.
Okawaru was extremely pleased with you.
You were not hungry.

You visited 1 branch

Inventory:

Hand Weapons
 a - a +0 war axe
 s - a +1 broad axe of chopping (weapon)
Armour
 c - a +0 shield (worn)
 p - a +2 plate armour (worn)
Jewellery
 q - a +3 ring of strength (left hand)
 r - a +3 ring of intelligence (right hand)
Wands
 u - a wand of digging (8)
Scrolls
 k - a scroll of blinking
 m - 3 scrolls of remove curse
 n - 5 scrolls of amnesia
 o - a scroll of summoning
Potions
 b - a potion of agility
 d - 3 potions of might
 e - 7 potions of curing
 g - 10 potions of heal wounds
 h - a potion of haste
 i - 4 potions of magic
 j - 4 potions of berserk rage
 l - 2 potions of invisibility
 t - a potion of resistance
Comestibles
 f - 7 rations


   Skills:
 + Level 12.2(17.2) Fighting
 + Level 14.2(19.2) Axes
 + Level 12.3(17.3) Armour
 + Level 9.3(14.3) Dodging
 - Level 1.1(6.1) Stealth
 * Level 13.8(18.8) Shields
 + Level 7.4 Invocations


You had 9 spell levels left.
You didn't know any spells.
Your spell library was empty.

Dungeon Overview and Level Annotations

Branches:
Dungeon (1/1)

Altars:
Ashenzari
Cheibriados
Dithmenos
Elyvilon
Fedhas
Gozag
Hepliaklqana
Kikubaaqudgha
Makhleb
Nemelex Xobeh
Okawaru
Qazlal
Ru
Sif Muna
Trog
Uskayaw
Vehumet
Wu Jian
Xom
Yredelemnul
Zin
The Shining One
Beogh
Jiyva
Lugonu


Innate Abilities, Weirdness & Mutations

You reflexively headbutt those who attack you in melee.
You have a pair of horns on your head.


Message History

You hit the wyvern but do no damage.
The wyvern is lightly wounded.
You hit the swamp drake.
You are engulfed in noxious fumes.
You choke on the stench!
You are more confused.
The wyvern is engulfed in noxious fumes.
The wyvern appears confused.
The wyvern bites you.
The swamp drake bites you but does no damage.
The wizard casts a spell at you. The bolt of cold hits you!
Unknown command.
You barely miss the wyvern.
You headbutt the wyvern, but do no damage.
The wyvern is lightly wounded.
You slash the swamp drake!
You kill the swamp drake!
Okawaru accepts your kill.
The wizard gestures at you while chanting.
The crystal spear hits you!!!
You die...

####''#####
..##''################
..##..#..............#
..##..##.....)()......
..##..####...#+######.
..##..#..#####.##...#
..##.)#....##.†.#...#
..##..'.....#...#.p.#
####..'.....'...@.:.+
####..'.....#...#...#
[[##..#....##...#.l.#
[[##..#..#####.##..f#
[)##..####...#)######.
))##..##....).........
))##..#..............#
######################


You could see a wandering mushroom, a wizard and a wyvern (confused).

Vanquished Creatures
  Erica (D)
  A flayed ghost (D)
  An orc knight (D)
  A deep elf mage (D)
  A smoke demon (D)
  A komodo dragon (D)
  An efreet (D)
  A polar bear (D)
  3 blink frogs (D)
  A hippogriff (D)
  A fire bat (D)
  A steam dragon (D)
  A hungry ghost (D)
  Eustachio (D)
  A floating eye (D)
  2 black bears (D)
  A swamp drake (D)
  An orc warrior (D)
  A phantom (D)
  A wolf (D)
  4 wights (D)
  A jelly (D)
  2 hounds (D)
  2 gnolls (D)
  A river rat (D)
  An ufetubus (D)
  An ooze (D)
  An adder zombie (D)
  6 orcs (D)
  A hobgoblin (D)
  2 quokkas (D)
  A frilled lizard (D)
  A kobold (D)
47 creatures vanquished.

Notes
Turn   | Place    | Note
-------+----------+-------------------------------------------
     0 | D        | nuthulu the Minotaur Fighter began the quest for the Orb.
     0 | D        | Reached XP level 1. HP: 19/19 MP: 0/0
    15 | D        | Found a bloodstained altar of Trog.
    15 | D        | Found a deep blue altar of Sif Muna.
    15 | D        | Found a viscous altar of Jiyva.
    15 | D        | Found a hazy altar of Hepliaklqana.
    15 | D        | Found an opulent altar of Gozag.
    16 | D        | Found a glowing golden altar of the Shining One.
    16 | D        | Found a glowing silver altar of Zin.
    16 | D        | Found a basalt altar of Yredelemnul.
    16 | D        | Found a shimmering altar of Xom.
    16 | D        | Found an ornate altar of the Wu Jian Council.
    16 | D        | Found a sacrificial altar of Ru.
    16 | D        | Found a stormy altar of Qazlal.
    16 | D        | Found an iron altar of Okawaru.
    16 | D        | Found a sparkling altar of Nemelex Xobeh.
    16 | D        | Found a burning altar of Makhleb.
    16 | D        | Found a blossoming altar of Fedhas.
    16 | D        | Found a white marble altar of Elyvilon.
    16 | D        | Found a shadowy altar of Dithmenos.
    16 | D        | Found a snail-covered altar of Cheibriados.
    17 | D        | Found a radiant altar of Vehumet.
    17 | D        | Found a corrupted altar of Lugonu.
    17 | D        | Found a roughly hewn altar of Beogh.
    18 | D        | Found an ancient bone altar of Kikubaaqudgha.
    18 | D        | Found a hide-covered altar of Uskayaw.
    18 | D        | Found a shattered altar of Ashenzari.
    22 | D        | Became a worshipper of Warmaster Okawaru
   100 | D        | Reached XP level 2. HP: 22/28 MP: 1/1
   162 | D        | Reached skill level 3 in Axes
   173 | D        | Reached skill level 5 in Fighting
   173 | D        | Reached skill level 5 in Armour
   173 | D        | Reached skill level 5 in Shields
   287 | D        | Reached XP level 3. HP: 34/36 MP: 2/2
   292 | D        | Reached skill level 4 in Axes
   380 | D        | Noticed a wolf
   397 | D        | Killed a wolf
   397 | D        | Reached * piety under Okawaru
   397 | D        | Reached skill level 6 in Axes
   397 | D        | Reached skill level 1 in Dodging
   397 | D        | Reached XP level 4. HP: 32/45 MP: 3/3
   400 | D        | Reached XP level 5. HP: 37/51 MP: 4/4
   423 | D        | Reached skill level 7 in Axes
   598 | D        | Noticed a phantom
   619 | D        | Killed a phantom
   619 | D        | Reached skill level 9 in Axes
   619 | D        | Reached XP level 6. HP: 54/60 MP: 5/5
   652 | D        | Reached ** piety under Okawaru
   652 | D        | Reached skill level 10 in Axes
   655 | D        | Noticed a smoke demon
   663 | D        | Killed a smoke demon
   663 | D        | Reached *** piety under Okawaru
   663 | D        | Reached skill level 11 in Axes
   663 | D        | Reached skill level 1 in Stealth
   663 | D        | Reached XP level 7. HP: 55/69 MP: 6/6
   944 | D        | Reached skill level 1 in Invocations
   959 | D        | Noticed a deep elf mage
   959 | D        | Noticed a flayed ghost
   967 | D        | Reached skill level 12 in Axes
   967 | D        | Reached skill level 5 in Dodging
   980 | D        | Killed a flayed ghost
   980 | D        | Reached **** piety under Okawaru
   980 | D        | Reached skill level 10 in Armour
   980 | D        | Reached skill level 10 in Shields
   980 | D        | Reached XP level 8. HP: 34/79 MP: 6/10
   982 | D        | Killed a deep elf mage
   982 | D        | Reached skill level 10 in Fighting
  1286 | D        | Noticed an efreet
  1286 | D        | Noticed a hippogriff
  1298 | D        | Killed a hippogriff
  1298 | D        | Reached ***** piety under Okawaru
  1298 | D        | Reached skill level 13 in Axes
  1298 | D        | Reached skill level 5 in Invocations
  1298 | D        | Reached XP level 9. HP: 70/86 MP: 8/11
  1301 | D        | Killed an efreet
  1375 | D        | Noticed Eustachio
  1382 | D        | Killed Eustachio
  1383 | D        | Noticed Erica
  1384 | D        | Noticed a polar bear
  1389 | D        | Killed a polar bear
  1396 | D        | Killed Erica
  1531 | D        | Noticed a komodo dragon
  1536 | D        | Noticed an orc knight
  1550 | D        | Killed a komodo dragon
  1550 | D        | Reached XP level 10. HP: 59/97 MP: 5/14
  1559 | D        | Killed an orc knight
  1559 | D        | Received a gift from Okawaru
  1559 | D        | Reached skill level 14 in Axes
  1750 | D        | Noticed a wizard
  1756 | D        | Killed from afar by a wizard

Skill      XL: |  1  2  3  4  5  6  7  8  9 10 |
---------------+-------------------------------+-----
Fighting       | 4 5 6 7 8 9 10 11 12 | 12.2
Armour         | 4 5 6 7 9 10 11 12 | 12.3
Shields        | 4 5 6 7 8 10 11 13 | 13.8
Axes           | 3 6 9 11 12 13 14 | 14.2
Dodging        | 1 2 3 4 6 7 8 9 |  9.3
Stealth        | 1 |  1.1
Invocations    | 4 5 6 7 |  7.4

Action                   |  1- 3 |  4- 6 |  7- 9 | 10-12 || total
-------------------------+-------+-------+-------+-------++-------
Melee: War axe           |    35 |    35 |    33 |       ||   103
       Headbutt          |     3 |     8 |    21 |     3 ||    35
       Broad axe         |       |       |    46 |    15 ||    61
Invok: Heroism           |       |       |     3 |     1 ||     4
       Finesse           |       |       |     1 |       ||     1
  Eat: Ration            |       |       |     2 |       ||     2
Armor: Scale mail        |    12 |       |       |       ||    12
       Plate armour      |    10 |    25 |    33 |     2 ||    70
Dodge: Dodged            |    20 |     7 |    13 |     3 ||    43
Block: Shield            |    21 |    14 |    52 |     4 ||    91
